 Dungeon Crawl Stone Soup version 0.26.1-11-gd32895ea62 (webtiles) character file.

Game seed: 16756869268282415702

602 alibaba10101 the Chopper (level 7, 0/61 HPs)
             Began as a Minotaur Berserker on Apr 25, 2021.
             Was a Priest of Trog.
             Succumbed to an orc wizard's poison
             ... on level 4 of the Dungeon.
             The game lasted 01:26:37 (5334 turns).

alibaba10101 the Chopper (Minotaur Berserker)       Turns: 5334, Time: 01:26:38

Health: 0/61       AC:  9    Str: 23    XL:     7   Next: 18%
Magic:  6/6        EV:  9    Int:  4    God:    Trog [***...]
Gold:   139        SH:  0    Dex: 10    Spells: 6/6 levels left

rFire    . . .     SeeInvis .   a - +1 hand axe
rCold    . . .     Faith    .   (no shield)
rNeg     . . .     Spirit   .   T - +0 chain mail
rPois    .         Reflect  .   (helmet restricted)
rElec    .         Harm     .   (no cloak)
rCorr    .         Rampage  .   (no gloves)
Will     ++...                  (no boots)
Stlth    ..........             (no amulet)
HPRegen  1.20/turn              r - ring of wizardry
MPRegen  0.10/turn              (no ring)

@: lethally poisoned (0 -> -5), regenerating (expiring)
A: retaliatory headbutt, horns 2
a: Renounce Religion, Berserk, Trog's Hand


You were on level 4 of the Dungeon.
You worshipped Trog.
Trog was most pleased with you.
You visited 1 branch of the dungeon, and saw 4 of its levels.

You collected 139 gold pieces.

Inventory:

Hand Weapons
 a - a +1 hand axe (weapon)
 q - a +0 whip
 y - a +0 dagger
 J - a +0 dagger
 Y - a +0 short sword
Missiles
 c - 262 stones
 g - 23 sling bullets
 l - 23 arrows
 Z - 34 bolts
Armour
 e - a +0 leather armour
 m - a +0 scale mail
 n - a +0 robe
 s - a +0 ring mail
 w - a +0 leather armour
 B - a +0 robe
 R - a +0 leather armour
 T - a +0 chain mail (worn)
Jewellery
 b - a ring of the Octopus King {rF+ AC+1 EV+1 Str+1 Int+1 Dex+1, unknown}
   (You found it on level 4 of the Dungeon)

   [ring of protection from fire]

   It affects your AC (+1).
   It affects your evasion (+1).
   It affects your strength (+1).
   It affects your intelligence (+1).
   It affects your dexterity (+1).
   It protects you from fire.
 r - a ring of wizardry (left hand)
Wands
 Q - a wand of disintegration (12) (quivered)
Scrolls
 i - a scroll of enchant weapon
 o - a scroll of fear
 p - a scroll of identify
 u - a scroll of amnesia {unknown}
 z - a scroll of remove curse {unknown}
 C - a scroll of magic mapping {unknown}
 I - a scroll of teleportation
 M - a scroll of blinking {unknown}
 O - a scroll of immolation
Potions
 d - a potion of haste {unknown}
 h - a potion of ambrosia
 k - a potion of cancellation {unknown}
 E - 2 potions of berserk rage
 H - 3 potions of brilliance


   Skills:
 + Level 5.6 Fighting
 * Level 6.9 Axes
 + Level 4.6 Armour
 + Level 4.2 Dodging


You had 6 spell levels left.
You didn't know any spells.
Your spell library was empty.

Dungeon Overview and Level Annotations

Branches:
Dungeon (4/15)
 Temple: D:4-7

Altars:
Ashenzari
Okawaru
Qazlal
Ru
Zin

Shops:
D:4 :


Innate Abilities, Weirdness & Mutations

You reflexively headbutt those who attack you in melee.
You have a pair of horns on your head.


Message History

You miss something.
You feel sick. The quokka closely misses you.
Something hits you but does no damage.
You are lethally poisoned!
Your chain mail prevents you from hitting the quokka.
Your headbutt misses the quokka. You barely miss something.
* * * LOW HITPOINT WARNING * * *
You feel sick. The quokka barely misses you. You furiously retaliate!
You headbutt the quokka.
You kill the quokka!
Trog accepts your kill. Something hits you but does no damage.
Okay, then.
* * * LOW HITPOINT WARNING * * *
You feel sick.
* * * LOW HITPOINT WARNING * * *
You feel sick.
* * * LOW HITPOINT WARNING * * *
You feel sick. Something hits you but does no damage.
You are more poisoned.
You die...

#....# ##....#
##.∩.## #..###
###....# #..#
...##......## #..##
.w..........## #...#
.........#...###..##
.r........#.).....###
..........#)........
...$.......@###... .
###w......## .. ...
##..†...# .
.....##...$..#...#
#...............#
#####...........#
##..........#
##..........#
##...........


You could see a worm.

Vanquished Creatures
  Grinder (D:3)
  Ijyb (D:3)
  Terence (D:2)
  Natasha (twice) (D:2)
  2 worker ants
  Robin (D:2)
  3 gnolls (D:3)
  8 adders
  An ooze (D:1)
  3 worms
  4 dart slugs
  4 leopard geckos
  10 orcs
  A ball python (D:3)
  13 bats
  3 giant cockroaches
  17 goblins
  14 hobgoblins
  5 jackals (D:3)
  A quokka (D:4)
  5 frilled lizards
  6 kobolds
  10 rats
116 creatures vanquished.

Notes
Turn   | Place    | Note
-------+----------+-------------------------------------------
     0 | D:1      | alibaba10101 the Minotaur Berserker began the quest for the
                  | Orb.
     0 | D:1      | Reached XP level 1. HP: 19/19 MP: 0/0
   515 | D:1      | Reached XP level 2. HP: 27/27 MP: 1/1
   528 | D:1      | Reached skill level 4 in Axes
  1361 | D:1      | Reached XP level 3. HP: 33/33 MP: 2/2
  1848 | D:2      | Noticed Terence
  1854 | D:2      | Killed Terence
  1856 | D:2      | Reached XP level 4. HP: 40/40 MP: 3/3
  1972 | D:2      | Found a stormy altar of Qazlal.
  2051 | D:2      | Noticed Robin
  2059 | D:2      | Reached ** piety under Trog
  2063 | D:2      | Killed Robin
  2069 | D:2      | Reached skill level 5 in Axes
  2494 | D:2      | Reached XP level 5. HP: 37/47 MP: 4/4
  2670 | D:2      | Found an iron altar of Okawaru.
  2778 | D:2      | Noticed Natasha
  2786 | D:2      | Killed Natasha
  3195 | D:2      | Noticed Natasha
  3199 | D:2      | Killed Natasha
  3296 | D:3      | Reached *** piety under Trog
  3551 | D:3      | Found a faded altar of an unknown god.
  3554 | D:3      | Noticed Grinder
  3571 | D:3      | Killed Grinder
  3572 | D:3      | Reached skill level 5 in Fighting
  3572 | D:3      | Reached skill level 6 in Axes
  3572 | D:3      | Reached XP level 6. HP: 45/56 MP: 5/5
  4116 | D:3      | Found a sacrificial altar of Ru.
  4364 | D:3      | Reached XP level 7. HP: 58/61 MP: 6/6
  4464 | D:3      | Noticed Ijyb
  4484 | D:3      | Killed Ijyb
  4701 | D:3      | Found a broken altar of Ashenzari.
  5146 | D:4      | Found the ring of the Octopus King
  5150 | D:4      | Found a glowing silver altar of Zin.
  5160 | D:4      | Got a ring of the Octopus King
  5238 | D:4      | Found Onuadod's Book Boutique.
  5331 | D:4      | HP: 3/61 [poisoned by an orc wizard]
  5334 | D:4      | Succumbed to an orc wizard's poison

Illustrated notes

Levels and vault maps discovered:
D:1:      zaba_arrival_water, layout_loops_corners, minivault_24
D:2:      minmay_recursive_quarters, layout_rooms,
          nicolae_overflow_hidden_temple, okawaru_ov_weapons_minmay,
          minmay_ruptured, uniq_natasha, uniq_terence, uniq_robin
D:3:      layout_basic, evilmike_ruin_ashenzari, lemuel_round_altar,
          chequers_ecumenical_altar_simple, minmay_pentomino_pile, uniq_grinder,
          uniq_ijyb
D:4:      layout_layer_cave, lemuel_crystal_altar, nzn_wu_jian_contemplation,
          overflow_temple_1_default, serial_shops, shop, elyvilon_altar_1

Skill      XL: |  1  2  3  4  5 |
---------------+----------------+-----
Axes           | 4 5 6 |  6.9
Fighting       | 4 5 |  5.6
Armour         | 3 4 |  4.6
Dodging        | 3 4 |  4.2

Action                   |  1- 3 |  4- 6 |  7- 9 || total
-------------------------+-------+-------+-------++-------
Melee: Hand axe          |    60 |   175 |    50 ||   285
       Headbutt          |     6 |    32 |     8 ||    46
Throw: Stone             |     3 |     1 |       ||     4
Invok: Berserk           |     2 |       |       ||     2
       Trog's Hand       |       |       |     2 ||     2
  Use: Potion            |       |     3 |     3 ||     6
       Scroll            |       |     5 |     4 ||     9
Armor: Animal skin       |    10 |       |       ||    10
       Leather armour    |     7 |     3 |       ||    10
       Ring mail         |       |    34 |     7 ||    41
       Chain mail        |       |       |    16 ||    16
       Scale mail        |       |       |     1 ||     1
Dodge: Dodged            |    49 |    96 |    21 ||   166
